 Dungeon Crawl Stone Soup version 0.31.0-11-ge490571c62 (webtiles) character file.

Game seed: 17032839719369679180

434 Silvore the Slasher (level 6, 0/48 HPs)
             Began as a Demonspawn Fighter on Feb 8, 2024.
             Slain by Grinder (8 damage)
             ... on level 3 of the Dungeon.
             The game lasted 00:05:48 (3828 turns).

Silvore the Slasher (Demonspawn Fighter)            Turns: 3828, Time: 00:05:49

Health: 0/48       AC: 18    Str: 18    XL:     6   Next: 68%
Magic:  6/6        EV:  6    Int: 14    God:
Gold:   292        SH: 10    Dex: 13    Spells: 5/5 levels left

rFire   . . .        a - +0 long sword
rCold   . . .        d - +2 kite shield
rNeg    . . .        j - +6 chain mail of Nerr {Int+6}
rPois   .            (no helmet)
rElec   .            (no cloak)
rCorr   .            (no gloves)
SInv    .            (no boots)
Will    .....        (no amulet) Stlth
                     (no ring)
HPRegen 0.28/turn    (no ring)
MPRegen 0.10/turn

%: no passive effects
@: no status effects
A: claws 2, yellow scales 2
a: no special abilities


You were on level 3 of the Dungeon.
You visited 1 branch of the dungeon, and saw 5 of its levels.

You collected 292 gold pieces.

Inventory:

Hand Weapons
 a - a +0 long sword (weapon)
Armour
 b - a +0 scale mail
 c - a +1 buckler
 d - a +2 kite shield (worn)
 j - the +6 chain mail of Nerr (worn) {Int+6}
   (You found it on level 3 of the Dungeon)

   Int+6:     It affects your intelligence (+6).
 l - the +2 ring mail "Xinun" {rF++ rC++ rCorr Dex-5}
   (You found it on level 4 of the Dungeon)

   Dex-5:     It affects your dexterity (-5).
   rF++:      It greatly protects you from fire.
   rC++:      It greatly protects you from cold.
   rCorr:     It protects you from acid and corrosion.
Wands
 m - a wand of polymorph (7)
Scrolls
 f - a scroll of identify
 h - 2 scrolls of butterflies
 k - a scroll of fear
 n - a scroll of enchant armour
Potions
 e - 2 potions of degeneration
 g - 2 potions of brilliance
 i - 2 potions of curing


   Skills:
 + Level 3.9 Fighting
 + Level 4.4 Long Blades
 + Level 4.0 Armour
 + Level 1.5 Dodging
 + Level 0.1 Stealth
 + Level 3.4 Shields


You had 5 spell levels left.
You didn't know any spells.
Your spell library contained the following spells:

 Spells                   Type           Power      Damage    Failure   Level
 Leda's Liquefaction      Alch/Erth      0%         N/A       100%        4
 Lee's Rapid Deconstruct  Erth           0%         3d4*      100%        5
 Bombard                  Conj/Erth      0%         9d1       100%        6


Dungeon Overview and Level Annotations

Branches:
Dungeon (5/15)
 Temple: D:4-7

Altars:
Uskayaw

Annotations:
D:3 Blork the orc, Grinder


Innate Abilities, Weirdness & Mutations

You have very sharp fingernails.
You are mostly covered in yellow scales. (AC +3)


Message History

You block Grinder's attack. Blork the orc completely misses you.
You slash Blork the orc!
Blork the orc is severely wounded.
Blork the orc hits you with a +1 flail of protection!
Grinder hits you but does no damage.
Blork the orc hits you but does no damage.
Grinder hits you.
You barely miss Blork the orc.
Blork the orc is severely wounded.
Blork the orc casts a spell at you.
The magic dart hits you but does no damage.
You block Grinder's attack.
Blork the orc hits you but does no damage.
You barely miss Blork the orc.
Blork the orc is severely wounded.
Blork the orc gestures at you while chanting.
The puff of flame hits you but does no damage.
Grinder hits you but does no damage.
Blork the orc hits you but does no damage.
You hit Blork the orc but do no damage.
Blork the orc is severely wounded.
Blork the orc hits you with a +1 flail of protection.
* * * LOW HITPOINT WARNING * * *
Grinder hits you but does no damage. Blork the orc casts a spell at you.
The puff of frost hits you!
* * * LOW HITPOINT WARNING * * *
You block Grinder's attack.
You completely miss Grinder.
Blork the orc points at you and mumbles some strange words.
The puff of frost hits you but does no damage.
Grinder hits you but does no damage.
Blork the orc screams, "I'll break your arms!"
You block Blork the orc's attack.
You slash Grinder!
Grinder is moderately wounded.
Blork the orc looks satisfied for a moment.
Grinder hits you!
You die...
Grinder sighs, "Dead already?
I want a refund."

.#.#.##.# #..#.#.#.#.##.#........
.#.#.##.###..#.#.#.#.#..#........
.#.#.#.......#.#.#.#.#.##........
.#.#.######.##.#.#.#.).##........
.#...............#.#(.###........
.###.####.#....##....## #........
..<#....<...[......#.# #........
########.######o5#.#.# #########
................@#.#.##########
########.#########.#..........#
########.# #.##########.#
.........# #.# #.# ########## #.#
#.# #.# #.# #.# #.# #.# #.# #.#
#.#


You could see Grinder and Blork the orc (fast).

Vanquished Creatures
  A bombardier beetle (D:3)
  3 hounds
  A jelly (D:4)
  2 orc priests (D:4)
  An iguana (D:4)
  An orc wizard (D:5)
  A gnoll (D:1)
  4 adders
  2 dart slugs
  2 ribbon worms
  15 orcs
  5 bats
  10 endoplasms
  3 giant cockroaches
  5 goblins
  10 hobgoblins
  10 jackals
  3 quokkas
  12 ball pythons
  A frilled lizard (D:2)
  11 kobolds
  5 rats
108 creatures vanquished.

Notes
Turn   | Place    | Note
-------+----------+-------------------------------------------
     0 | D:1      | Silvore the Demonspawn Fighter began the quest for the Orb.
     0 | D:1      | Reached XP level 1. HP: 18/18 MP: 1/1
   139 | D:1      | Gained mutation: You are partially covered in yellow
                  | scales. (AC +2) [demonic ancestry]
   139 | D:1      | Reached XP level 2. HP: 20/24 MP: 2/2
   349 | D:1      | Gained mutation: You are mostly covered in yellow scales.
                  | (AC +3) [demonic ancestry]
   349 | D:1      | Reached XP level 3. HP: 24/29 MP: 3/3
   698 | D:2      | Found a hide-covered altar of Uskayaw.
   881 | D:2      | Gained mutation: You have sharp fingernails. [demonic
                  | ancestry]
   881 | D:2      | Reached XP level 4. HP: 20/35 MP: 4/4
  1933 | D:3      | Gained mutation: You have very sharp fingernails. [demonic
                  | ancestry]
  1933 | D:3      | Reached XP level 5. HP: 39/42 MP: 5/5
  1942 | D:3      | HP: 2/42 [burnt (4)]
  2456 | D:3      | Identified the +1 scale mail of Wu Jian {MP+9 Dex+3}
  2528 | D:3      | Identified the +6 chain mail of Nerr {Int+6}
  3054 | D:4      | You fall into a shaft and drop 1 floor!
  3054 | D:5      | Entered Level 5 of the Dungeon
  3096 | D:5      | Reached skill level 1 in Dodging
  3114 | D:4      | Reached XP level 6. HP: 47/48 MP: 6/6
  3348 | D:4      | Identified the +2 ring mail "Xinun" {rF++ rC++ rCorr Dex-5}
  3799 | D:4      | Noticed Grinder
  3802 | D:4      | Noticed Blork the orc
  3828 | D:3      | Slain by Grinder

Illustrated notes

Levels and vault maps discovered:
D:1:      dpeg_arrival_oval, layout_rooms
D:2:      minmay_chambers_of_twos, layout_basic, basic_altar
D:3:      layout_basic
D:4:      wad_crossroads, layout_cave_pods, uniq_grinder, uniq_blork_the_orc
D:5:      layout_loops_ring, lemuel_round_altar, uniq_edmund,
          uniq_prince_ribbit1

Skill      XL: |  1  2  3  4  5  6 |
---------------+-------------------+-----
Long Blades    | 2 3 4 |  4.4
Shields        | 3 |  3.4
Armour         | 3 4 |  4.0
Dodging        | 1 |  1.5
Fighting       | |  3.9
Stealth        | |  0.1

Action                     |  1- 3 |  4- 6 || total
---------------------------+-------+-------++-------
  Melee: Long sword        |   148 |   311 ||   459
    Use: Scroll            |     4 |     6 ||    10
         Potion            |       |     1 ||     1
 Armour: Scale mail        |   145 |    87 ||   232
         Chain mail        |       |   155 ||   155
  Dodge: Dodged            |    81 |   127 ||   208
  Block: Buckler           |    46 |    65 ||   111
         Kite shield       |       |    58 ||    58
